 Dungeon Crawl Stone Soup version 0.28.0-45-g0d030f2227 (webtiles) character file.

Game seed: 17942109581058784276

40 DearestLeader the Shield-Bearer (level 3, -1/35 HPs)
             Began as a Gnoll Fighter on Apr 4, 2022.
             Was an Initiate of Okawaru.
             Slain by an orc
             ... wielding a +0 flail
              (4 damage)
             ... on level 3 of the Dungeon.
             The game lasted 00:02:12 (1718 turns).

DearestLeader the Shield-Bearer (Gnoll Fighter)     Turns: 1718, Time: 00:02:13

Health: -1/35      AC:  6    Str: 20    XL:     3   Next: 50%
Magic:  4/4        EV: 11    Int:  7    God:    Okawaru [......]
Gold:   26         SH:  5    Dex: 11    Spells: 3/3 levels left

rFire   + . .      SeeInvis .   a - +0 war axe
rCold   . . .      Faith    .   c - +0 buckler
rNeg    . . .      Spirit   .   n - +3 leather armour of Elitism {rF+ Str+3}
rPois   .          Reflect  .   (no helmet)
rElec   .          Harm     .   (no cloak)
rCorr   .          Rampage  .   (no gloves)
Will    .....                   (no boots)
Stlth   +.........              (no amulet)
HPRegen 0.11/turn               (no ring)
MPRegen 0.09/turn               (no ring)

@: no status effects
A: fangs 1, strong nose, distributed training
a: Renounce Religion


You were on level 3 of the Dungeon.
You worshipped Okawaru.
Okawaru was noncommittal.
You visited 1 branch of the dungeon, and saw 3 of its levels.

You collected 26 gold pieces.

Inventory:

Hand Weapons
 a - a +0 war axe (weapon)
Armour
 c - a +0 buckler (worn)
 n - the +3 leather armour of Elitism (worn) {rF+ Str+3}
   (You found it on level 2 of the Dungeon)

   Str:       It affects your strength (+3).
   rF:        It protects you from fire.
Scrolls
 b - a scroll of identify {unknown}
 e - a scroll of summoning {unknown}
 h - a scroll of vulnerability {unknown}
 l - a scroll of silence {unknown}
 m - a scroll of enchant weapon {unknown}
 o - 2 scrolls of teleportation {unknown}
 p - a scroll of magic mapping {unknown}
 q - a scroll of immolation {unknown}
Potions
 d - 2 potions of might
 f - 2 potions of degeneration {unknown}
 g - a potion of curing {unknown}
 i - a potion of resistance {unknown}
 j - a potion of haste {unknown}
 k - a potion of brilliance {unknown}


   Skills:
 + Level 6.5 Fighting
 + Level 0.8 Short Blades
 + Level 0.8 Long Blades
 + Level 4.5 Axes
 + Level 0.8 Maces & Flails
 + Level 0.8 Polearms
 + Level 0.8 Staves
 + Level 0.8 Slings
 + Level 0.8 Bows
 + Level 0.8 Crossbows
 + Level 0.8 Throwing
 + Level 6.5 Armour
 + Level 0.8 Dodging
 + Level 0.8 Stealth
 + Level 6.5 Shields
 + Level 0.8 Unarmed Combat
 + Level 0.8 Spellcasting
 + Level 0.5 Conjurations
 + Level 0.5 Hexes
 + Level 0.5 Summonings
 + Level 0.5 Necromancy
 + Level 0.5 Translocations
 + Level 0.5 Transmutations
 + Level 0.5 Fire Magic
 + Level 0.5 Ice Magic
 + Level 0.5 Air Magic
 + Level 0.5 Earth Magic
 + Level 0.5 Poison Magic
 + Level 1.0 Invocations
 + Level 0.8 Evocations


You had 3 spell levels left.
You didn't know any spells.
Your spell library was empty.

Dungeon Overview and Level Annotations

Branches:
Dungeon (3/15)

Altars:
Okawaru


Innate Abilities, Weirdness & Mutations

You have very sharp teeth.
Your uncanny sense of smell can sniff out nearby items.
Your experience applies equally to all skills.


Message History

You kill the kobold!
Okawaru accepts your kill.
No target in view!
Things that are here:
a +0 whip; 3 stones; a kobold corpse You now have 26 gold pieces (gained 9).
You open the door.
There is an open door here.
Found 5 poisoned darts.
An orc comes into view. It is wielding a +0 whip.
Found 2 gold pieces.
Found a stone staircase leading down.
The orc shouts!
You hear a shout!
An orc comes into view. It is wielding a +0 flail.
An orc priest comes into view. It is wielding a +0 hand axe.
A frilled lizard comes into view.
Found a scroll labelled UTYUTEJ AQYOTO.
The frilled lizard moves out of view.
The orc shouts!
You hit the orc but do no damage. The orc hits you with a +0 whip.
The frilled lizard hisses angrily.
You slash the orc!
You kill the orc!
Okawaru accepts your kill.
The orc priest invokes the aid of Beogh against you.
Beogh smites you!
Found a faintly glowing cloak.
You block the orc priest's attack. The orc hits you with a +0 flail.
The frilled lizard unfolds its giant frill.
Things that are here:
a +0 whip; a +0 leather armour; an orc corpse You slash the orc priest!
The orc priest is severely wounded.
You miss the frilled lizard. You barely miss the orc.
The orc hits you with a +0 flail.
The orc priest hits you but does no damage.
The frilled lizard barely misses you.
The orc priest calls down the wrath of Beogh upon you.
Beogh smites you!
* * * LOW HITPOINT WARNING * * *
The orc hits you with a +0 flail.
You die...

##. .# ##....#
### ##.....# ...
#......##.##
#.......... ###
#....... # ##..#
#..#l#..#
##....###.@o?..#
##..$...##.#o..##
...........#...#
.#####.####.#..#
#.# .#.[# #.# .#
.# #.# .# . #.#
.# .# #.#


You could see an orc priest, an orc and a frilled lizard.

Vanquished Creatures
  2 dart slugs
  2 orcs (D:3)
  2 endoplasms
  A giant cockroach (D:2)
  4 goblins (D:1)
  A hobgoblin (D:1)
  A quokka (D:1)
  4 ball pythons
  3 bats
  4 frilled lizards
  5 kobolds
  5 rats
34 creatures vanquished.

Notes
Turn   | Place    | Note
-------+----------+-------------------------------------------
     0 | D:1      | DearestLeader the Gnoll Fighter began the quest for the
                  | Orb.
     0 | D:1      | Reached XP level 1. HP: 23/23 MP: 1/1
   165 | D:1      | Reached XP level 2. HP: 25/29 MP: 2/2
   458 | D:1      | Found a faded altar of an unknown god.
   593 | D:1      | Reached XP level 3. HP: 22/35 MP: 3/3
   890 | D:2      | Identified the +3 leather armour of Elitism {rF+ Str+3}
   941 | D:2      | Found an iron altar of Okawaru.
  1012 | D:2      | Became a worshipper of Warmaster Okawaru
  1638 | D:3      | Reached skill level 1 in Invocations
  1718 | D:3      | Slain by an orc

Illustrated notes

Levels and vault maps discovered:
D:1:      dpeg_arrival_rooms_with_view, layout_basic,
          ebering_ecumenical_altar_webs, minmay_tiny_reverse_x
D:2:      layout_basic, basic_altar
D:3:      layout_basic, serial_curves, eino_curves_02, eino_curves_03,
          minivault_19, grunt_ministairs_6, kennysheep_generic_room_13,
          uniq_terence

Skill      XL: |  1  2  3 |
---------------+----------+-----
Invocations    | 1 |  1.0
Fighting       | |  6.5
Short Blades   | |  0.8
Long Blades    | |  0.8
Axes           | |  4.5
Maces & Flails | |  0.8
Polearms       | |  0.8
Staves         | |  0.8
Slings         | |  0.8
Bows           | |  0.8
Crossbows      | |  0.8
Throwing       | |  0.8
Armour         | |  6.5
Dodging        | |  0.8
Stealth        | |  0.8
Shields        | |  6.5
Unarmed Combat | |  0.8
Spellcasting   | |  0.8
Conjurations   | |  0.5
Hexes          | |  0.5
Summonings     | |  0.5
Necromancy     | |  0.5
Translocations | |  0.5
Transmutations | |  0.5
Fire Magic     | |  0.5
Ice Magic      | |  0.5
Air Magic      | |  0.5
Earth Magic    | |  0.5
Poison Magic   | |  0.5
Evocations     | |  0.8

Action                   || total
-------------------------++-------
Melee: War axe           ||   109
       Bite              ||     6
 Stab: Sleeping          ||     1
Armor: Scale mail        ||    37
       Leather armour    ||    16
Dodge: Dodged            ||    65
Block: Buckler           ||    38
